Map: Port Aleksander LE

Players

ShoWTimE

  • Race: Protoss Protoss
  • Spawn Location: 5:00

Scarlett - Winner!

  • Race: Zerg Zerg
  • Spawn Location: 11:00

Event: IEM Season 13: Katowice (2019)

VOD

Have the link to the VOD?

Description

Time

  • Played on: Feb. 25, 2019, 12:42 p.m.
  • Length: 9:48

All games in this series

Show
View Real Time Build Order
Export as new Build Order

ShoWTimE Protoss 

Build Orders: 1 Gate Expand, Oracle Opening, Archon Immortal, Archon Drop 

Get SALT Encoding   

  12  0:00  Probe  
  13  0:12  Probe  
  14  0:18  Pylon  
  14  0:24  Probe  
  15  0:32  Probe  
  15  0:39  Gateway  
  15  0:40  Probe  
  16  0:48  Assimilator  
  17  0:51  Probe  
  18  1:03  Probe  
  19  1:15  Probe  
  20  1:27  Nexus  
  20  1:37  Cybernetics Core  
  20  1:39  Probe  
  21  1:45  Assimilator  
  21  1:51  Probe  
  22  1:56  Pylon  
  22  2:03  Probe  
  22  2:04  Adept  
  25  2:16  Probe  
  25  2:20  Stargate  
  26  2:25  Warp Gate  
  26  2:28  Probe  
  27  2:35  Probe  
  27  2:36  Stalker  
  29  2:38  Probe  
  29  2:43  Probe  
  31  2:46  Probe  
  33  2:53  Probe  
  33  2:54  Oracle  
  33  2:56  Probe  
  35  3:05  Probe  
  39  3:08  Probe  
  40  3:17  Pylon, Probe  
  41  3:20  Probe  
  41  3:26  Assimilator  
  41  3:27  Oracle  
  42  3:29  Probe, Assimilator  
  46  3:35  Probe  
  46  3:39  Gateway  
  47  3:42  Probe  
  47  3:48  Probe  
  49  3:50  Robotics Facility  
  49  3:54  Probe  
  50  4:00  Probe  
  50  4:01  Pylon  
  51  4:05  Twilight Council  
  51  4:06  Probe  
  52  4:12  Probe  
  53  4:18  Probe  
  53  4:22  Adept  
  56  4:25  Pylon  
  56  4:31  Gateway x2  
  56  4:33  Warp Prism  
  58  4:47  Templar Archives  
  58  4:49  Adept  
  58  4:50  Adept  
  58  4:51  Probe  
  63  5:02  Pylon  
  59  5:16  Observer  
  60  5:25  Nexus  
  60  5:26  Probe x2  
  60  5:28  Pylon  
  62  5:30  Immortal  
  62  5:33  High Templar x2  
  62  5:34  High Templar x2  
  70  5:37  Archon x2  
  70  5:38  Probe x2  
  70  5:41  Pylon  
  76  5:49  Gateway  
  76  5:50  Gateway, Charge  
  76  5:56  Forge, Probe  
  77  5:58  Probe  
  77  6:04  Immortal  
  78  6:06  Shield Battery  
  78  6:10  Probe  
  79  6:13  Protoss Ground Weapons Level 1  
  83  6:21  Sentry  
  83  6:22  Sentry  
  83  6:23  Gateway  
  83  6:25  Gateway  
  87  6:27  Probe  
  87  6:34  Probe  
  88  6:41  Sentry x2  
  88  6:44  Probe x2  
  94  6:48  Probe  
  95  6:56  Probe x2  
  98  7:02  Sentry, Zealot x3  
  98  7:05  Immortal  
  108  7:09  Pylon  
  109  7:16  Pylon  
  109  7:18  Psionic Storm  
  109  7:24  Robotics Facility  
  109  7:25  Assimilator  
  109  7:27  Probe x3, Assimilator  
  109  7:29  Pylon  
  112  7:38  Zealot x2  
  112  7:39  Probe x3  
  119  7:46  Shield Battery x2  
  119  7:48  Pylon  
  119  7:51  Probe x3  
  119  7:52  Immortal  
  123  7:59  High Templar  
  123  8:03  Probe x2  
  127  8:06  Pylon  
  127  8:07  Pylon  
  127  8:18  Zealot  
  127  8:19  Zealot x3  
  135  8:21  Immortal  
  135  8:31  Pylon, High Templar x2  
  143  8:36  Zealot x2  
  147  8:41  Zealot x2  
  151  8:53  Immortal, Stalker x2  
  153  8:56  Zealot  
  153  9:00  Zealot  
  134  9:04  Zealot x2  
  134  9:06  Zealot x2  
  120  9:21  Zealot x4  
  110  9:28  Zealot x3  
  109  9:36  Zealot  
Show
View Real Time Build Order
Export as new Build Order

Scarlett Zerg - Winner!

Build Orders: Hatch First, Roach Hydra 

Get SALT Encoding   

  12  0:00  Drone  
  13  0:12  Overlord  
  13  0:17  Drone  
  14  0:30  Drone  
  14  0:31  Drone  
  16  0:48  Hatchery  
  15  0:52  Drone  
  15  0:55  Drone  
  17  0:59  Drone  
  18  1:09  Extractor  
  17  1:15  Spawning Pool  
  17  1:18  Drone  
  17  1:21  Drone  
  18  1:28  Drone  
  19  1:39  Drone  
  20  1:49  Drone  
  21  1:58  Hatchery  
  21  2:00  Drone x2  
  22  2:07  Queen  
  24  2:16  Queen  
  24  2:22  Overlord  
  26  2:25  Drone  
  26  2:29  Metabolic Boost  
  27  2:34  Drone  
  28  2:40  Zergling x4  
  28  2:41  Drone  
  28  2:44  Drone  
  32  2:45  Drone  
  32  2:51  Queen  
  33  2:56  Overlord  
  35  2:59  Drone  
  36  3:11  Drone x3  
  39  3:18  Drone x2  
  39  3:19  Queen  
  43  3:22  Overlord  
  43  3:25  Drone x2  
  45  3:28  Drone x2  
  45  3:32  Overlord  
  45  3:34  Drone  
  48  3:42  Overlord  
  48  3:43  Drone  
  48  3:44  Spore Crawler  
  48  3:46  Spore Crawler  
  47  3:53  Drone x4  
  51  3:56  Queen  
  51  4:00  Drone x2  
  55  4:04  Drone  
  55  4:05  Drone x2  
  58  4:12  Lair  
  58  4:13  Drone x2  
  59  4:20  Drone, Roach Warren  
  59  4:23  Drone x3  
  61  4:30  Extractor, Drone x4  
  61  4:31  Extractor  
  63  4:34  Zergling x4  
  63  4:35  Overlord  
  65  4:43  Overlord  
  64  4:53  Spore Crawler  
  64  4:58  Drone x7  
  63  5:10  Drone x7  
  63  5:12  Glial Reconstitution  
  69  5:16  Extractor  
  69  5:17  Overlord x2  
  69  5:18  Extractor, Drone x3  
  70  5:24  Roach x2  
  70  5:25  Overseer  
  76  5:28  Roach  
  76  5:29  Evolution Chamber  
  76  5:32  Roach x3  
  81  5:38  Roach x4  
  81  5:40  Overlord  
  89  5:44  Overlord  
  89  5:50  Drone x4  
  89  5:53  Drone  
  89  5:54  Drone  
  89  5:55  Extractor  
  94  5:58  Hydralisk Den  
  94  6:02  Zerg Missile Weapons Level 1  
  92  6:04  Drone x6  
  98  6:11  Drone  
  98  6:12  Drone x2  
  98  6:15  Overlord x2  
  101  6:20  Roach  
  101  6:21  Roach x2  
  107  6:27  Hatchery  
  107  6:30  Drone  
  107  6:37  Muscular Augments  
  107  6:41  Hydralisk x5  
  107  6:46  Overlord x2  
  117  6:51  Hydralisk x3  
  123  7:01  Drone x3  
  124  7:06  Hydralisk  
  124  7:07  Hydralisk x3  
  130  7:11  Drone x2  
  130  7:12  Spore Crawler  
  130  7:14  Overlord  
  130  7:15  Overlord  
  131  7:21  Pneumatized Carapace  
  131  7:31  Overlord  
  131  7:34  Hydralisk x4  
  139  7:46  Hydralisk x5  
  139  7:48  Grooved Spines  
  149  7:51  Nydus Network  
  149  7:52  Overlord  
  149  7:53  Overlord  
  149  7:56  Roach x2  
  150  8:00  Roach  
  150  8:01  Roach x2  
  156  8:12  Roach x5  
  166  8:14  Zergling x2  
  163  8:33  Hydralisk x6  
  163  8:34  Roach x2  
  179  8:37  Zergling x12  
  179  8:39  Nydus Canal  
  185  8:51  Nydus Canal  
  185  8:57  Roach x5  
  185  9:02  Roach x6  
  189  9:07  Nydus Canal  
  174  9:11  Roach x7  
  174  9:13  Roach  
  180  9:18  Roach x3  
  179  9:26  Roach x4  
  179  9:27  Roach x2  

Tags
 
Add a new tag
Caveats
  • Supply blocks, unpowered buildings, or Contaminate may cause inaccurate times.
  • Supply counts are checked every 10 seconds.